 Dungeon Crawl Stone Soup version 0.19-a0-1670-gc28a5d9 (webtiles) character file.

1765 PurpleRed the Destroyer (level 8, -5/41 HPs)
             Began as a Deep Elf Conjurer on Sept 21, 2016.
             Shot with a sling bullet by Joseph (7 damage)
             ... on level 7 of the Dungeon.
             The game lasted 00:16:32 (1984 turns).

PurpleRed the Destroyer (Deep Elf Conjurer)         Turns: 1984, Time: 00:16:33

Health: -5/41      AC:  3    Str:  5    XL:     8   Next: 79%
Magic:  13/37      EV: 13    Int: 23    God:
Gold:   226        SH:  0    Dex: 15    Spells: 4 memorised, 11 levels left

rFire  . . .     SeeInvis .     k - staff of power
rCold  . . .     Gourm    .     a - +1 robe
rNeg   . . .     Faith    .     (no shield)
rPois  .         Spirit   .     (no helmet)
rElec  .         Dismiss  .     (no cloak)
rCorr  .         Reflect  .     (no gloves)
MR     .....     Harm     .     (no boots)
Stlth  ++........               (no amulet)
                                (no ring)
                                (no ring)

@: no status effects
A: no striking features
a: no special abilities


You were on level 7 of the Dungeon.
You were not hungry.

You visited 1 branch of the dungeon, and saw 8 of its levels.

You collected 226 gold pieces.

Inventory:

Hand Weapons
 f - a +1 long sword
Armour
 a - a +1 robe (worn)
Magical Staves
 k - an uncursed staff of power (weapon)
Wands
 h - a wand of paralysis (18/24)
Scrolls
 g - 2 scrolls of recharging
Potions
 i - a potion of might {unknown}
 j - 2 potions of invisibility
Books
 b - a book of Conjurations

   Spells                             Type                      Level
   a - Magic Dart                     Conjuration                  1
   b - Searing Ray                    Conjuration                  2
   c - Dazzling Spray                 Conjuration/Hexes            3
   d - Fulminant Prism                Conjuration/Hexes            4
   e - Iskenderun's Mystic Blast      Conjuration                  4
   f - Iskenderun's Battlesphere      Conjuration/Charms           5
Comestibles
 c - 3 bread rations
 d - 3 fruits
 l - 3 meat rations
 n - 4 chunks of flesh


   Skills:
 - Level 2.4 Dodging
 - Level 2.4 Stealth
 + Level 8.0 Spellcasting
 * Level 10.2 Conjurations
 + Level 7.0 Charms


You had 11 spell levels left.
You knew the following spells:

 Your Spells              Type           Power        Failure   Level  Hunger
a - Magic Dart            Conj           ####         1%          1    None
b - Searing Ray           Conj           ######       1%          2    None
c - Iskenderun's Mystic   Conj           ######..     1%          4    ###....
d - Iskenderun's Battles  Conj/Chrm      #####...     8%          5    #####..


Dungeon Overview and Level Annotations

Branches:
Dungeon (8/15)
 Temple: D:4-7         Lair: D:8-11

Altars:
Elyvilon
Gozag

Annotations:
D:7 Joseph


Message History

n - 5 chunks of flesh (gained 1) Eat one of 5 chunks of flesh? (ye/n/q)
You start eating one of the 5 chunks of flesh.
You continue eating. x2
You finish eating.
This raw flesh tastes terrible.
Found a stone staircase leading down.
Things that are here:
a trident; a ring mail; an orc corpse
There is a large open door here.
Things that are here:
a hand axe; a club; an orc corpse Joseph unwields an uncursed antimagic quarterstaff.
Joseph wields a runed hunting sling.
It is covered in frost.
Joseph shoots a sling bullet.
The sling bullet hits you! The sling bullet freezes you.
You see here a sling bullet.
Joseph shoots a sling bullet.
The sling bullet hits you!
* * * LOW HITPOINT WARNING * * *
The sling bullet freezes you!
You die...

#.# #.# #.# .. ......#
#.# .. #......# #.##.##
#......# #.#...
#......########.#..# #
#......##.......#..# .#
##......##......@#..#..#.
........+..............@>
........##...............
.......†)))..............
##......##......######.#.
##)######......'...# #
#)# #......###.# ###'##
#####'#..#.# ...).#
##.#..#.#


You could see Joseph.

Vanquished Creatures
  A hippogriff (D:7)
  Menkaure (D:7)
  An orc warrior (D:7)
  2 ice beasts
  3 ogres
  2 centaurs
  Blork the orc (D:6)
  2 bullfrogs (D:6)
  A howler monkey (D:4)
  2 crimson imps
  A bullfrog zombie (D:5)
  2 bullfrog skeletons
  2 orc priests (D:7)
  2 hounds
  2 orc wizards (D:7)
  4 iguanas
  2 worker ants
  2 hound zombies (D:6)
  An adder (D:7)
  An ooze (D:2)
  2 adder zombies
  A leopard gecko (D:4)
  10 orcs
  A ball python (D:5)
  A bat (D:2)
  2 giant cockroaches
  A goblin (D:2)
  A kobold (D:1)
  2 quokkas (D:6)
  A frilled lizard (D:5)
  A rat (D:2)
58 creatures vanquished.

Notes
Turn   | Place    | Note
-------+----------+-------------------------------------------
     0 | D:1      | PurpleRed the Deep Elf Conjurer began the quest for the Orb.
     0 | D:1      | Reached XP level 1. HP: 10/10 MP: 6/6
   211 | D:2      | Reached XP level 2. HP: 8/15 MP: 0/8
   215 | D:2      | Learned a level 2 spell: Searing Ray
   278 | D:5      | Entered Level 5 of the Dungeon
   280 | D:5      | Noticed a crimson imp
   427 | D:4      | Noticed an ogre
   434 | D:4      | Killed an ogre
   434 | D:4      | Reached skill level 5 in Conjurations
   434 | D:4      | Reached XP level 3. HP: 19/19 MP: 3/10
   434 | D:4      | Reached XP level 4. HP: 24/24 MP: 3/12
   498 | D:4      | Reached skill level 6 in Conjurations
   586 | D:4      | Reached XP level 5. HP: 28/28 MP: 10/14
   593 | D:4      | Learned a level 4 spell: Iskenderun's Mystic Blast
   599 | D:4      | Learned a level 5 spell: Iskenderun's Battlesphere
   607 | D:4      | Found an opulent altar of Gozag.
   831 | D:6      | Reached skill level 5 in Spellcasting
   831 | D:6      | Reached skill level 1 in Charms
   859 | D:6      | Reached skill level 7 in Conjurations
   859 | D:6      | Reached XP level 6. HP: 32/32 MP: 4/15
   931 | D:8      | Noticed a hippogriff
  1155 | D:5      | Reached XP level 7. HP: 7/36 MP: 11/17
  1333 | D:5      | Found a white marble altar of Elyvilon.
  1383 | D:5      | Reached skill level 8 in Conjurations
  1463 | D:6      | Noticed Blork the orc
  1479 | D:6      | Killed Blork the orc
  1745 | D:7      | Reached skill level 5 in Charms
  1760 | D:7      | Reached XP level 8. HP: 41/41 MP: 17/20
  1763 | D:7      | Reached skill level 9 in Conjurations
  1853 | D:7      | Noticed a hippogriff
  1858 | D:7      | Killed a hippogriff
  1903 | D:7      | Noticed Joseph
  1903 | D:7      | Noticed Menkaure
  1926 | D:7      | Reached skill level 10 in Conjurations
  1959 | D:7      | Killed Menkaure
  1984 | D:7      | HP: 2/41 [Joseph/sling bullet (17)]
  1984 | D:7      | Shot with a sling bullet by Joseph

Vault maps used:
D:1:      dpeg_arrival_solitude
D:2:      minmay_misc_feat_encased
D:3:      uniq_iyjb
D:4:      nicolae_gozag_cash_rules_everything_around_me
D:5:      elyvilon_altar_5, first_bread
D:6:      gup_sewer_entry_bowl, uniq_blork_the_orc
D:7:      uniq_joseph, uniq_menkaure
D:8:      kennysheep_six_static_rooms, gammafunk_temple_overflow_elements,
          overflow_temple_1_default, okawaru_ov_weapons_minmay, uniq_psyche

Skill      XL: |  1  2  3  4  5  6  7  8 |
---------------+-------------------------+-----
Spellcasting   | 4 5 6 8 |  8.0
Conjurations   | 5 6 7 8 10 | 10.2
Charms         | 2 3 5 7 |  7.0
Dodging        | |  2.4
Stealth        | |  2.4

Action                   |  1- 3 |  4- 6 |  7- 9 || total
-------------------------+-------+-------+-------++-------
Melee: Unarmed           |     7 |       |       ||     7
       Long sword        |     3 |     2 |       ||     5
 Cast: Magic Dart        |    23 |    15 |    50 ||    88
       Searing Ray       |     1 |    11 |     5 ||    17
       Iskenderun's Myst |       |     2 |     5 ||     7
       Iskenderun's Batt |       |       |    10 ||    10
  Use: Scroll            |     2 |     3 |     6 ||    11
  Eat: Chunk             |       |     1 |     7 ||     8
Armor: Robe              |    17 |     1 |       ||    18
Dodge: Dodged            |    41 |     5 |     7 ||    53
